AoeStats
← warzippo

Black Forest

509698558Analyzed
4v4 RM · 6d ago on Sep 27, 2026· 74m 47s· 8 players
Game mode
Random Map
Map size
Large (8 player)
Population
200
Speed
Normal
Resources
Standard
Victory
Conquest
Starting age
Dark Age
Ending age
Imperial Age
RankedLock teamsTeams togetherTeam positionsShared explorationLock speedFull tech treeHidden civsTurbo modeCheats
Victory
Defeat
🇺🇸 Hindustanis · United States
754
+17
🇹🇷 Sicilians · Türkiye
742
+18
🇺🇸 Franks · United States
711
+19
🇧🇷 Chinese · Brazil
534
+26
🇩🇪 Khmer · Germany
823
-22
🇩🇪 Danes · Germany
790
-21
🇩🇪 Spanish · Germany
737
-19
🇩🇪 Britons · Germany
734
-18
zafishroc
0:56 Loom
12:25 Feudal Age
14:40 Double-Bit Axe
14:40 Horse Collar
19:14 Wheelbarrow
21:54 Castle Age
23:56 Bow Saw
23:53 Heavy Plow
24:02 Gold Mining
25:44 Hand Cart
26:55 Gold Shaft Mining
26:12 Stone Mining
28:15 Grand Trunk Road
28:19 Caravan
32:47 Imperial Age
33:57 Ballistics
34:40 Chemistry
34:01 Ballistics
35:26 Two-Man Saw
34:52 Heavy Camel Rider
35:33 Husbandry
35:44 Bloodlines
35:58 Fortified Wall
36:02 Forging
35:57 Scale Barding Armor
36:55 Imperial Camel Rider
39:16 Iron Casting
39:01 Chain Barding Armor
39:16 Conscription
39:02 Shatagni
52:51 Siege Engineers
Scott
13:39 Feudal Age
24:15 Castle Age
23:15 Double-Bit Axe
27:24 Gold Mining
28:14 Wheelbarrow
27:55 Bow Saw
30:47 Gold Shaft Mining
37:17 Hand Cart
39:13 Scale Barding Armor
39:35 Forging
49:00 Imperial Age
50:27 Cavalier
52:23 Paladin
celalper.94
0:45 Loom
12:47 Feudal Age
21:50 Castle Age
20:47 Double-Bit Axe
21:17 Town Watch
23:45 Horse Collar
28:30 Heavy Plow
30:08 Caravan
31:59 Wheelbarrow
31:25 Town Patrol
32:30 Coinage
35:24 Imperial Age
34:01 Hand Cart
37:08 Bow Saw
37:00 Pikeman
38:15 Guilds
38:36 Banking
39:27 Crop Rotation
40:05 Chemistry
39:26 Ballistics
38:59 Heated Shot
39:54 Elite Serjeant
41:06 Halberdier
41:20 Heavy Scorpion
41:24 Capped Ram
42:45 First Crusade
41:57 Sappers
43:26 Siege Ram
45:57 Forging
45:47 Scale Mail Armor
46:33 Hoardings
46:06 Hauberk
46:22 Conscription
55:25 Chain Mail Armor
55:46 Iron Casting
55:17 Scale Barding Armor
55:13 Padded Archer Armor
55:04 Fletching
64:09 Blast Furnace
64:01 Plate Mail Armor
DestrosXzw
0:43 Loom
19:50 Feudal Age
20:07 Man-at-Arms
21:36 Wheelbarrow
20:53 Double-Bit Axe
20:58 Horse Collar
31:53 Castle Age
34:02 Bow Saw
35:00 Hand Cart
35:43 Fortified Wall
36:08 Heavy Plow
38:12 Ballistics
37:52 Stone Mining
38:43 Caravan
39:42 Gold Mining
41:26 Stone Shaft Mining
41:18 Fletching
41:29 Padded Archer Armor
46:41 Imperial Age
44:58 Gold Shaft Mining
45:11 Bodkin Arrow
45:32 Leather Archer Armor
47:14 Murder Holes
47:36 Forging
47:50 Capped Ram
47:53 Heavy Rocket Cart
48:45 Siege Ram
50:52 Conscription
50:45 Squires
50:07 Pikeman
52:07 Halberdier
53:26 Iron Casting
52:52 Scale Mail Armor
56:14 Chemistry
56:25 Blast Furnace
55:41 Chain Mail Armor
60:54 Elite Fire Lancer
61:22 Arson
61:00 Long Swordsman
61:13 Elite Chu Ko Nu
62:18 Rocketry
67:06 Bombard Tower
FestungEuropa
1:47 Loom
18:42 Feudal Age
24:48 Castle Age
23:33 Double-Bit Axe
23:31 Horse Collar
29:14 Heavy Plow
33:37 Bow Saw
35:54 Gold Mining
35:54 Stone Mining
42:31 Imperial Age
45:04 Chemistry
44:01 Murder Holes
44:17 Fortified Wall
46:12 Cavalier
54:25 Pikeman
55:53 Ballistics
55:47 Forging
55:38 Scale Mail Armor
56:17 Halberdier
59:16 Caravan
60:39 Cavalier
61:20 Husbandry
61:31 Bloodlines
69:08 Wheelbarrow
68:18 Town Watch
68:03 Heavy Scorpion
69:04 Scale Barding Armor
69:00 Padded Archer Armor
68:50 Fletching
68:53 Heated Shot
warzippo
7:15 Loom
12:04 Feudal Age
12:36 Double-Bit Axe
12:33 Horse Collar
19:01 Castle Age
18:50 Man-at-Arms
20:13 Forging
21:29 Long Swordsman
23:05 Heavy Plow
24:19 Bow Saw
27:35 Iron Casting
29:58 Fortified Wall
30:10 Ballistics
30:47 Light Cavalry
33:43 Murder Holes
33:55 Scale Mail Armor
34:01 Scale Barding Armor
36:10 Caravan
38:47 Imperial Age
37:42 Husbandry
37:53 Bloodlines
40:55 Conscription
40:06 Cavalier
41:59 Pikeman
43:56 Halberdier
46:14 Blast Furnace
45:31 Chain Mail Armor
45:38 Chain Barding Armor
45:09 Fletching
45:20 Padded Archer Armor
45:55 Paladin
45:56 Hussar
51:20 Wheelbarrow
50:31 Town Watch
52:03 Plate Barding Armor
51:59 Plate Mail Armor
62:39 Bodkin Arrow
63:00 Leather Archer Armor
64:33 Elite Conquistador
68:30 Elite Conquistador
72:15 Chemistry
73:02 Two-Man Saw
Hucis
4:36 Loom
12:02 Feudal Age
13:20 Horse Collar
16:20 Double-Bit Axe
23:59 Castle Age
23:11 Fletching
24:07 Arson
24:29 Padded Archer Armor
24:38 Scale Mail Armor
26:48 Bow Saw
26:39 Heavy Plow
26:37 Gold Mining
28:44 Bodkin Arrow
34:07 Husbandry
33:33 Pikeman
34:14 Squires
34:32 Elite Skirmisher
35:55 Gold Shaft Mining
35:11 Stone Mining
35:46 Ballistics
38:21 Leather Archer Armor
38:22 Chain Mail Armor
41:44 Imperial Age
39:29 Caravan
40:01 Coinage
40:44 Yeomen
40:31 Treadmill Crane
40:47 Murder Holes
41:04 Fortified Wall
40:46 Guard Tower
42:16 Wheelbarrow
41:59 Halberdier
44:19 Two-Man Saw
45:03 Elite Longbowman
45:48 Onager
45:49 Capped Ram
46:52 Warwolf
48:06 Chemistry
47:40 Ring Archer Armor
49:21 Conscription
58:38 Hand Cart
67:10 Man-at-Arms
67:36 Gambesons
69:50 Keep
69:26 Masonry
69:22 Siege Engineers
69:23 Bracer
69:54 Plate Mail Armor
69:35 Forging
71:10 Long Swordsman
71:35 Gambesons
71:19 Cavalier
73:39 Scale Barding Armor
BlackPearl.
6:23 Loom
11:45 Feudal Age
12:25 Horse Collar
12:31 Double-Bit Axe
17:15 Castle Age
18:28 Bow Saw
18:29 Heavy Plow
22:17 Gold Mining
26:47 Imperial Age
26:02 Forging
25:53 Scale Mail Armor
30:49 Wheelbarrow
33:18 Hand Cart
32:49 Town Watch
35:51 Squires
36:28 Iron Casting
36:09 Chain Mail Armor
37:23 Conscription
36:38 Northmen's Fury
38:57 Caravan
38:26 Onager
40:33 Chemistry
39:45 Masonry
39:38 Elite Varangian Guard
40:18 Gambesons
41:11 Plate Mail Armor
47:11 Blast Furnace
56:50 Fletching
56:59 Siege Onager
59:40 Siege Onager
63:35 Arson
68:32 Heavy Scorpion
Connection lost

Rejoining the realm…

Still unreachable

The connection could not be restored.

Session expired

The server has moved on; the page needs a fresh start.